 Dungeon Crawl Stone Soup version 0.31.0-32-g396128a36d (webtiles) character file.

Game seed: 8015641228858363504

2795 BlackCrag the Thaumaturge (level 9, -10/46 HPs)
             Began as a Deep Elf Conjurer on Mar 31, 2024.
             Was an Initiate of Vehumet.
             Killed by divine providence
             ... invoked by an orc priest
              (12 damage)
             ... on level 8 of the Dungeon.
             The game lasted 00:33:44 (7613 turns).

BlackCrag the Thaumaturge (Deep Elf Conjurer)       Turns: 7613, Time: 00:33:45

Health: -10/46     AC:  2    Str: 10    XL:     9   Next: 43%
Magic:  27/35      EV: 12    Int: 28    God:    Vehumet [......]
Gold:   469        SH:  4    Dex: 13    Spells: 16/30 levels left

rFire   + . .        D - +5 short sword
rCold   + . .        p - +0 buckler
rNeg    . . .        a - +0 robe
rPois   .            y - +0 hat
rElec   .            B - scarf {rC+ rF+}
rCorr   .            (no gloves)
SInv    .            (no boots)
Will    .....        e - amulet of faith
Stlth   ++           d - +6 ring of strength
HPRegen 0.27/turn    h - ring of magical power
MPRegen 0.24/turn

%: faith
@: no status effects
A: no striking features
a: Renounce Religion


You were on level 8 of the Dungeon.
You worshipped Vehumet.
Vehumet was noncommittal.
You visited 2 branches of the dungeon, and saw 9 of its levels.

You collected 469 gold pieces.

Inventory:

Hand Weapons
 D - a +5 short sword (weapon)
Armour
 a - a +0 robe (worn)
 p - a +0 buckler (worn)
 x - an orb of guile
 y - a +0 hat (worn)
 B - a scarf of resistance (worn)
Jewellery
 d - a +6 ring of strength (left hand)
 e - an amulet of faith (around neck)
 h - a ring of magical power (right hand)
Wands
 f - a wand of charming (4)
 n - a wand of iceblast (14)
Scrolls
 c - 2 scrolls of acquirement {unknown}
 g - a scroll of enchant armour {unknown}
 i - 4 scrolls of amnesia {unknown}
 j - 3 scrolls of revelation {unknown}
 k - 3 scrolls of silence {unknown}
 m - a scroll of immolation
 o - 6 scrolls of fear {unknown}
 t - 2 scrolls of enchant weapon {unknown}
 w - 2 scrolls of poison {unknown}
 z - 2 scrolls of vulnerability {unknown}
 C - 5 scrolls of blinking {unknown}
 F - a scroll of identify
 G - a scroll of torment {unknown}
Potions
 b - a potion of magic
 l - 3 potions of brilliance
 q - a potion of enlightenment
 r - 2 potions of curing
 s - 3 potions of mutation
 u - a potion of haste
 v - a potion of experience
 A - a potion of attraction
 E - a potion of might


   Skills:
 + Level 0.8 Fighting
 + Level 3.1 Dodging
 + Level 3.9 Stealth
 + Level 0.2 Shields
 * Level 11.3 Spellcasting
 * Level 9.3 Conjurations
 * Level 2.1 Hexes
 * Level 5.0 Fire Magic
 + Level 2.0 Alchemy


You had 16 spell levels left.
You knew the following spells:

 Your Spells              Type           Power      Damage    Failure   Level
a - Magic Dart            Conj           100%       1d8       1%          1
b - Searing Ray           Conj           100%       2d8       1%          2
c - Inner Flame           Hex/Fire       36%        N/A       3%          3
d - Fulminant Prism       Conj/Alch      23%        3d12      4%          4
e - Iskenderun's Mystic   Conj/Tloc      42%        2d10      8%          4

Your spell library contained the following spells:

 Spells                   Type           Power      Damage    Failure   Level
 Kiss of Death            Conj/Necr      100%       2d13      1%          1
 Confusing Touch          Hex            28%        N/A       6%          3
 Irradiate                Conj/Alch      23%        3d19      14%         5
 Cause Fear               Hex            14%        N/A       22%         4
 Anguish                  Hex/Necr       10%        N/A       32%         4
 Dispel Undead            Necr           15%        3d10      45%         4
 Passage of Golubria      Tloc           15%        N/A       45%         4
 Silence                  Hex/Air        10%        N/A       67%         5
 Enfeeble                 Hex            14%        N/A       100%        7
 Ignition                 Fire           22%        3d8       100%        8
 Lehudib's Crystal Spear  Conj/Erth      21%        10d6      100%        8


Dungeon Overview and Level Annotations

Branches:
Dungeon (8/15)             Temple (1/1) D:6
   Lair: D:8-11

Altars:
Ashenzari
Cheibriados
Dithmenos
Elyvilon
Fedhas
Gozag
Makhleb
Nemelex Xobeh
Okawaru
Qazlal
Ru
Sif Muna
Trog
Uskayaw
Vehumet
Wu Jian
Xom
Yredelemnul
Zin
The Shining One


Message History

Aim: a yak (almost dead, inner flame, 100% to hit)
The magic dart hits the yak but does no damage.
The yak is almost dead.
The yak closely misses you.
Aiming: Magic Dart (safe; 1% risk of failure)
Press: ? - help, Q - select action, (/) - cycle Shift-Dir - straight line, f/p - yak
Aim: a yak (almost dead, inner flame, 100% to hit)
The magic dart hits the yak.
Vehumet accepts your kill.
The yak explodes!
The fiery explosion engulfs you! You resist.
You are engulfed in blazing flames.
You resist.
You hear a bellow! x3; You hear a shout!
A yak comes into view.
An orc priest comes into view. It is wielding a +0 war axe.
Your Alchemy skill increases to level 2!
Found a potion of berserk rage.
The orc priest calls down the wrath of Beogh upon you.
Beogh smites you!
* * * LOW HITPOINT WARNING * * *
The orc priest mumbles some strange prayers to Beogh against you.
Beogh smites you!
* * * LOW HITPOINT WARNING * * *
You hear a shout!
Casting: Magic Dart (safe; 1% risk of failure)
Confirm with . or Enter, or press ? or * to list all spells.
Aiming: Inner Flame (dangerous; 3% risk of failure)
Press: ? - help, Dir - move target, f - orc priest
Aim: an orc priest, wielding a +0 war axe (chance to affect: 87%)
The orc priest is filled with an inner flame.
Aiming: Magic Dart (safe; 1% risk of failure)
Press: ? - help, Q - select action, (/) - cycle Shift-Dir - straight line, f/p - orc priest
Aim: an orc priest, wielding a +0 war axe (inner flame, 100% to hit)
The magic dart hits the orc priest.
Flame seeps out of the orc priest.
The orc priest is lightly wounded.
The orc priest is engulfed in blazing flames.
Flame seeps out of the orc priest.
The orc priest calls down the wrath of Beogh upon you.
Beogh smites you!
You die...

##########
#........##
#..##.#....#
.##..#.##..#.###
... #....###...#
♣..#.♣♣..####.#
♣♣.#..♣♣@#.# #.#
..##....### #.#
# #..##.#..# #.#
.#.##..#.##..#
#.#
....##....###
#.# . ♣..#o♣♣..#
#.#
#..♣♣.#..♣♣.#.#
#.#
#....##....###
#.# # ##
#..##.#..# #.#


You could see an orc priest (inner flame).

Vanquished Creatures
  Grinder (D:3)
  A yak (D:8)
  A steam dragon (D:7)
  A water moccasin (D:5)
  5 ice beasts
  2 sky beasts (D:7)
  An ogre (D:4)
  2 phantoms
  2 bullfrogs
  A gnoll sergeant (D:7)
  4 scorpions
  6 wights
  2 hounds (D:6)
  An orc priest (D:7)
  A jelly (D:7)
  2 sleepcaps
  A gnoll bouda (D:7)
  4 iguanas
  Ijyb (D:3)
  2 orc wizards (D:7)
  5 adders
  8 gnolls (D:7)
  A shadow imp (D:5)
  A white imp (D:5)
  3 dart slugs
  12 orcs
  5 bats (D:1)
  7 endoplasms
  4 giant cockroaches
  6 hobgoblins
  4 jackals (D:3)
  10 kobolds
  8 quokkas
  5 ball pythons
  5 frilled lizards
  2 goblins
  5 rats
132 creatures vanquished.

Vanquished Creatures (others)
  29 fulminant prisms
  2 lurking horrors (D:8)
31 creatures vanquished.

Grand Total: 163 creatures vanquished

Notes
Turn   | Place    | Note
-------+----------+-------------------------------------------
     0 | D:1      | BlackCrag the Deep Elf Conjurer began the quest for the
                  | Orb.
     0 | D:1      | Reached XP level 1. HP: 10/10 MP: 6/6
   181 | D:1      | Found a faded altar of an unknown god.
   214 | D:1      | Reached XP level 2. HP: 15/15 MP: 4/8
   217 | D:1      | Learned a level 2 spell: Searing Ray
   620 | D:1      | Reached skill level 5 in Conjurations
  1361 | D:2      | Reached XP level 3. HP: 19/19 MP: 10/10
  1526 | D:2      | Learned a level 3 spell: Inner Flame
  1765 | D:2      | Reached skill level 4 in Spellcasting
  1836 | D:2      | Found a shimmering altar of Xom.
  2101 | D:2      | Reached XP level 4. HP: 24/24 MP: 12/12
  2325 | D:3      | Noticed Grinder
  2330 | D:3      | Paralysed by Grinder for 3 turns
  2336 | D:3      | Killed Grinder
  2337 | D:3      | Reached skill level 5 in Spellcasting
  2337 | D:3      | Reached skill level 1 in Fire Magic
  2337 | D:3      | Reached XP level 5. HP: 14/28 MP: 12/15
  2429 | D:3      | Found an ornate altar of the Wu Jian Council.
  2435 | D:3      | Reached XP level 6. HP: 32/32 MP: 16/16
  2518 | D:3      | Found an opulent altar of Gozag.
  2589 | D:3      | Noticed Ijyb
  2597 | D:3      | Killed Ijyb
  2598 | D:3      | Reached skill level 6 in Spellcasting
  2910 | D:3      | Found a shimmering altar of Xom.
  3135 | D:4      | Learned a level 4 spell: Fulminant Prism
  3140 | D:4      | Learned a level 4 spell: Iskenderun's Mystic Blast
  3807 | D:4      | Found a basalt altar of Yredelemnul.
  3822 | D:4      | Found a burning altar of Makhleb.
  3822 | D:4      | Found a bloodstained altar of Trog.
  3833 | D:4      | Found a glowing golden altar of the Shining One.
  3836 | D:4      | Found a stormy altar of Qazlal.
  3972 | D:5      | Entered Level 5 of the Dungeon
  4086 | D:5      | Reached skill level 7 in Spellcasting
  4195 | D:5      | Reached XP level 7. HP: 36/36 MP: 19/19
  4985 | D:6      | Reached skill level 8 in Spellcasting
  5172 | D:6      | Reached XP level 8. HP: 41/41 MP: 22/22
  5389 | D:6      | Reached skill level 1 in Alchemy
  5405 | D:6      | Reached skill level 9 in Spellcasting
  5491 | D:6      | Found a staircase to the Ecumenical Temple.
  5502 | Temple   | Entered the Ecumenical Temple
  5513 | Temple   | Became a worshipper of Vehumet
  6170 | D:7      | Reached skill level 10 in Spellcasting
  6520 | D:7      | Reached XP level 9. HP: 46/46 MP: 25/25
  6592 | D:7      | Reached skill level 1 in Hexes
  6779 | D:7      | Reached skill level 11 in Spellcasting
  7001 | D:7      | Identified the +3 spear "Ypebb" {elec, rF+ MP-9 Int+3}
  7026 | D:7      | Reached skill level 5 in Fire Magic
  7611 | D:8      | HP: 2/46 [orc priest/divine providence (12)]
  7613 | D:8      | Killed from afar by an orc priest

Illustrated notes

Levels and vault maps discovered:
D:1:      eino_arrival_tree_alley, layout_loops_corners,
          ebering_ecumenical_altar_abandoned, minmay_surrounded
D:2:      layout_loops_ring, basic_altar
D:3:      layout_loops_cross, mainiacjoe_overflow_concentric_impassable,
          mainiacjoe_overflow_big_doors, uniq_ijyb, uniq_grinder
D:4:      layout_gridville, minmay_overflow_temple_star_hex
D:5:      layout_basic
D:6:      layout_basic, minmay_temple_entry_drinking_statues,
          kennysheep_windowed_goal
D:7:      layout_basic, minmay_diced_spiral
D:8:      layout_rooms, lemuel_crystal_altar, nicolae_eternal_life,
          chequers_serial_rivers_large_a, hangedman_abyss_or_decor_stagger,
          minivault_11, amcnicky_altar_lugonu_corruption
Temple:   hellmonk_temple_forest_ring

Skill      XL: |  1  2  3  4  5  6  7  8  9 |
---------------+----------------------------+-----
Conjurations   | 5 6 7 8 9 |  9.3
Spellcasting   | 4 5 7 8 10 11 | 11.3
Fire Magic     | 1 2 3 4 5 |  5.0
Stealth        | 3 |  3.9
Alchemy        | 1 2 |  2.0
Dodging        | 3 |  3.1
Hexes          | 2 |  2.1
Fighting       | |  0.8
Shields        | |  0.2

Action                     |  1- 3 |  4- 6 |  7- 9 || total
---------------------------+-------+-------+-------++-------
  Melee: Whip              |     2 |     2 |       ||     4
   Cast: Magic Dart        |    64 |    59 |    63 ||   186
         Searing Ray       |    10 |    10 |    28 ||    48
         Inner Flame       |     1 |     1 |     5 ||     7
         Fulminant Prism   |       |     3 |    26 ||    29
    Use: Scroll            |       |     9 |     3 ||    12
         Potion            |       |       |     1 ||     1
 Armour: Robe              |     2 |     7 |    25 ||    34
  Dodge: Dodged            |     7 |     9 |    16 ||    32
  Block: Buckler           |       |       |     6 ||     6
